 Dungeon Crawl Stone Soup version 0.27.1-34-g3ba077fa99 (webtiles) character file.

Game seed: 12457389783550928852

1746 lordive the Thaumaturge (level 8, -4/43 HPs)
             Began as a Deep Elf Conjurer on Jan 19, 2022.
             Was an Initiate of Vehumet.
             Slain by a sky beast (5 damage)
             ... on level 6 of the Dungeon.
             The game lasted 00:09:53 (5671 turns).

lordive the Thaumaturge (Deep Elf Conjurer)         Turns: 5671, Time: 00:09:54

Health: -4/43      AC:  2    Str:  4    XL:     8   Next: 77%
Magic:  15/23      EV: 13    Int: 26    God:    Vehumet [......]
Gold:   256        SH:  0    Dex: 13    Spells: 23/26 levels left

rFire    . . .     SeeInvis .   (no weapon)
rCold    . . .     Faith    .   (no shield)
rNeg     . . .     Spirit   .   a - +0 robe
rPois    .         Reflect  .   (no helmet)
rElec    .         Harm     .   (no cloak)
rCorr    .         Rampage  .   (no gloves)
Will     .....                  (no boots)
Stlth    +++.......             (no amulet)
HPRegen  0.14/turn              (no ring)
MPRegen  0.18/turn              (no ring)

@: no status effects
A: no striking features
a: Renounce Religion


You were on level 6 of the Dungeon.
You worshipped Vehumet.
Vehumet was noncommittal.
You visited 2 branches of the dungeon, and saw 7 of its levels.

You collected 256 gold pieces.

Inventory:

Missiles
 o - a throwing net
Armour
 a - a +0 robe (worn)
Jewellery
 d - a ring of willpower
Wands
 m - a wand of polymorph (7)
Scrolls
 b - a scroll of noise {unknown}
 c - 5 scrolls of teleportation {unknown}
 e - a scroll of enchant armour {unknown}
 h - 3 scrolls of fear {unknown}
 i - 3 scrolls of enchant weapon {unknown}
 k - 5 scrolls of identify {unknown}
 q - a scroll of amnesia {unknown}
Potions
 f - a potion of curing {unknown}
 g - 2 potions of degeneration {unknown}
 j - a potion of haste {unknown}
 l - a potion of berserk rage {unknown}
 n - a potion of flight {unknown}
 p - a potion of invisibility {unknown}


   Skills:
 + Level 1.4 Fighting
 * Level 0.8 Armour
 + Level 3.6 Dodging
 + Level 4.5 Stealth
 * Level 0.8 Shields
 - Level 0.2 Unarmed Combat
 + Level 9.5 Spellcasting
 + Level 9.1 Conjurations
 * Level 1.2 Fire Magic
 * Level 1.1 Earth Magic


You had 23 spell levels left.
You knew the following spells:

 Your Spells              Type           Power      Damage    Failure   Level
a - Magic Dart            Conj           100%       1d8       1%          1
b - Searing Ray           Conj           100%       3d7       1%          2

Your spell library contained the following spells:

 Spells                   Type           Power      Damage    Failure   Level
 Dazzling Flash           Conj/Hex       72%        N/A       2%          3
 Corona                   Hex            13%        N/A       4%          1
 Ensorcelled Hibernation  Hex/Ice        24%        N/A       8%          2
 Fulminant Prism          Conj/Hex       18%        3d11      8%          4
 Iskenderun's Mystic Bla  Conj/Tloc      36%        2d9       8%          4
 Tukima's Dance           Hex            12%        N/A       14%         3
 Freezing Cloud           Conj/Ice/Air   14%        6-21      36%         5
 Passage of Golubria      Tloc           N/A        N/A       43%         4
 Yara's Violent Unravell  Hex/Tmut       6%         3d5       80%         5
 Simulacrum               Ice/Necr       6%         N/A       100%        6
 Polar Vortex             Ice            6%         N/A       100%        9


Dungeon Overview and Level Annotations

Branches:
Dungeon (6/15)             Temple (1/1) D:5

Altars:
Cheibriados
Dithmenos
Elyvilon
Fedhas
Hepliaklqana
Nemelex Xobeh
Okawaru
Sif Muna
Uskayaw
Vehumet
Wu Jian
Xom
Yredelemnul
The Shining One

Shops:
D:3 !


Message History

There is an open door, spattered with blood here.
The centaur shoots an arrow.
The arrow hits you!
* * * LOW HITPOINT WARNING * * *
The sky beast flickers out of sight!
Deactivating autopickup; reactivate with Ctrl-A.
You close the door.
You hear the hiss of an avalanche of sand nearby.
A centaur opens the door.
Casting: Searing Ray (safe; 1% risk of failure)
Confirm with . or Enter, or press ? or * to list all spells.
Aiming: Searing Ray (safe; 1% risk of failure)
Press: ? - help, Shift-Dir - straight line, f - centaur
Aim: a centaur, wielding a +0 shortbow and quivering arrows (90% to hit)
The searing ray hits the centaur!
The centaur is severely wounded. (Press . to maintain the ray.)
The centaur shoots an arrow.
The searing ray hits the centaur!
You kill the centaur!
Vehumet accepts your kill.
Unknown command.
The searing ray hits something!
Something barely misses you.
You finish channeling your searing ray.
Something hits you.
* * * LOW HITPOINT WARNING * * *
Something shocks you.
* * * LOW HITPOINT WARNING * * *
Unknown command.
Casting: Searing Ray (safe; 1% risk of failure)
Confirm with . or Enter, or press ? or * to list all spells.
You can't see any susceptible monsters within range! (Use Z to cast anyway.) Unknown command.
Casting: Searing Ray (safe; 1% risk of failure)
Confirm with . or Enter, or press ? or * to list all spells.
Aiming: Searing Ray (safe; 1% risk of failure)
Press: ? - help, Shift-Dir - straight line (Press . to maintain the ray.)
Something hits you.
* * * LOW HITPOINT WARNING * * *
Something shocks you.
You die...

#.# #.# #.# #...# #.#
#...# #.# #...## #.#
#....# #.# #....# #@#
#....# #{# #....#
#########'###....###
..........)........#
#...................#
###
#...(.......){.........
#<#
#...............Y......
#.#
#................c.....
#.#
#..........#######.....


There were no monsters in sight!

Vanquished Creatures
  Pikel (D:5)
  A water moccasin (D:5)
  An ice beast (D:6)
  3 ogres
  A centaur (D:6)
  2 phantoms (D:5)
  A lemure (D:5)
  A bullfrog zombie (D:6)
  5 hounds
  An orc priest (D:3)
  An iguana (D:4)
  Jessica (D:3)
  3 orc wizards
  2 hound zombies (D:5)
  14 gnolls
  3 adders
  A white imp (D:5)
  An adder skeleton (D:4)
  2 worms
  4 dart slugs
  11 orcs
  7 bats
  5 endoplasms
  4 giant cockroaches
  3 goblins
  6 hobgoblins
  11 jackals
  6 kobolds
  A quokka (D:2)
  7 ball pythons
  2 frilled lizards
  A jackal skeleton (D:4)
  3 rats
116 creatures vanquished.

Notes
Turn   | Place    | Note
-------+----------+-------------------------------------------
     0 | D:1      | lordive the Deep Elf Conjurer began the quest for the Orb.
     0 | D:1      | Reached XP level 1. HP: 10/10 MP: 6/6
   164 | D:1      | Reached XP level 2. HP: 15/15 MP: 5/8
   338 | D:1      | Reached skill level 5 in Conjurations
   342 | D:1      | Learned a level 2 spell: Searing Ray
   847 | D:2      | Reached XP level 3. HP: 19/19 MP: 7/9
   897 | D:2      | Found a faded altar of an unknown god.
  1057 | D:2      | Reached XP level 4. HP: 18/24 MP: 4/11
  1616 | D:3      | Found a hide-covered altar of Uskayaw.
  1617 | D:3      | Noticed a +0 dagger
  1618 | D:3      | Noticed a +0 hand axe
  1678 | D:3      | Found Festrelyi's Distillery.
  1887 | D:3      | Reached XP level 5. HP: 20/28 MP: 4/13
  2615 | D:3      | Noticed Jessica
  2618 | D:3      | Killed Jessica
  2619 | D:3      | Reached skill level 5 in Spellcasting
  2808 | D:4      | Noticed an ogre
  2810 | D:4      | Killed an ogre
  2811 | D:4      | Reached XP level 6. HP: 32/32 MP: 12/16
  2864 | D:4      | Found a snail-covered altar of Cheibriados.
  3258 | D:4      | HP: 1/32 [poisoned by a kobold]
  3684 | D:4      | Found a blossoming altar of Fedhas.
  3824 | D:4      | Reached XP level 7. HP: 36/36 MP: 13/18
  4006 | D:4      | Found a white marble altar of Elyvilon.
  4037 | D:4      | Identified the +2 ring mail "Jyet" {rPois Stlth+}
  4137 | D:4      | Found a basalt altar of Yredelemnul.
  4245 | D:5      | Entered Level 5 of the Dungeon
  4337 | D:5      | Noticed Pikel
  4344 | D:5      | Killed Pikel
  4438 | D:5      | Reached XP level 8. HP: 30/42 MP: 15/22
  4894 | D:5      | Found a staircase to the Ecumenical Temple.
  4917 | Temple   | Entered the Ecumenical Temple
  4979 | Temple   | Became a worshipper of Vehumet
  5537 | D:6      | Reached skill level 1 in Fighting
  5625 | D:6      | Reached skill level 1 in Fire Magic
  5625 | D:6      | Reached skill level 1 in Earth Magic
  5653 | D:6      | Identified the +7 falchion of False Accusations {vorpal,
                  | Int+4 Stlth+}
  5671 | D:6      | HP: 1/43 [something (2)]
  5671 | D:6      | Slain by a sky beast

Illustrated notes

Levels and vault maps discovered:
D:1:      lightli_iron_boxes, layout_rooms, minmay_misc_feat_five
D:2:      layout_rooms, hellmonk_ecumenical_altar_leap_of_faith,
          kennysheep_generic_room_9
D:3:      layout_loops_ring, dancing_weapons_uskayaw, serial_shops,
          nicolae_shop_statue_plus, uniq_jessica
D:4:      layout_rooms, kennysheep_ying_yang, fedhas_altar_2,
          overflow_temple_1_default
D:5:      layout_basic, minmay_temple_entry_arrows, uniq_pikel
D:6:      layout_basic, mainiacjoe_overflow_cross_hatched, kennysheep_mini_moat,
          hellmonk_ghost_happy_afterlife, nicolae_ossuary_entry_ruins,
          uniq_maggie
Temple:   nicolae_temple_figure_zero

Skill      XL: |  1  2  3  4  5  6  7  8 |
---------------+-------------------------+-----
Conjurations   | 5 6 7 8 9 |  9.1
Spellcasting   | 4 5 6 8 9 |  9.5
Stealth        | 3 4 |  4.5
Dodging        | 3 |  3.6
Fighting       | 1 |  1.4
Fire Magic     | 1 |  1.2
Earth Magic    | 1 |  1.1
Armour         | |  0.8
Shields        | |  0.8
Unarmed Combat | |  0.2

Action                   |  1- 3 |  4- 6 |  7- 9 || total
-------------------------+-------+-------+-------++-------
Melee: Unarmed           |       |     1 |       ||     1
 Cast: Magic Dart        |    56 |    97 |    43 ||   196
       Searing Ray       |     1 |    17 |    16 ||    34
Armor: Robe              |       |     5 |       ||     5
Dodge: Dodged            |     7 |    19 |    10 ||    36
